 Dungeon Crawl Stone Soup version 0.29-a0-816-g82769f0e0c (webtiles) character file.

Game seed: 17759061803387367864

25974 Essalna the Fighter (level 13, -10/92 HPs)
             Began as a Djinni Conjurer on July 5, 2022.
             Was a High Priest of Hepliaklqana.
             Killed from afar by an ice dragon (43 damage)
             ... with a blast of cold
             ... on level 5 of the Lair of Beasts.
             The game lasted 00:33:59 (17916 turns).

Essalna the Fighter (Djinni Conjurer)              Turns: 17916, Time: 00:33:59

Health: -10/92     AC: 12    Str:  6    XL:     13   Next: 54%
Gold:   944        EV: 14    Int: 25    God:    Hepliaklqana [*****.] SH:  0 Dex: 12

rFire   + + +      SeeInvis .   s - +1 short sword (spect)
rCold   x . .      Faith    .   (no shield)
rNeg    . . .      Spirit   .   d - +3 leather armour {Will+}
rPois   ∞          Reflect  .   L - +2 hat
rElec   .          Harm     .   (no cloak)
rCorr   .          Rampage  .   e - +1 pair of gloves
Will    +++..                   (boots unavailable)
Stlth   +.........              (no amulet)
HPRegen 0.25/turn               f - ring of protection from fire
MPRegen 0.00/turn               w - ring of willpower

@: flying, studying Armour
A: reduced essence, sickness immunity, fire resistance 2, cold vulnerability 1,
float, innate caster, HP casting, extra vitality 1
a: Renounce Religion, Recall Ancestor, Ancestor Identity, Transference, Idealise


You were on level 5 of the Lair of Beasts.
You worshipped Hepliaklqana.
Hepliaklqana was extremely pleased with you.
You visited 2 branches of the dungeon, and saw 14 of its levels.
You also visited: Ossuary.

You collected 944 gold pieces.

Inventory:

Hand Weapons
 s - a +1 spectral short sword (weapon)
Missiles
 k - 2 throwing nets
Armour
 a - a +0 robe
 d - a +3 leather armour of willpower (worn)
 e - a +1 pair of gloves (worn)
 r - a +0 helmet
 y - a +1 robe of cold resistance
 J - a +2 robe of cold resistance
 L - a +2 hat (worn)
Magical Staves
 h - a staff of poison
 i - a staff of air
 K - a staff of cold
Jewellery
 f - a ring of protection from fire (left hand)
 w - a ring of willpower (right hand)
 x - a ring of willpower
Wands
 m - a wand of mindburst (38)
 q - a wand of roots (26)
 t - a wand of charming (10)
 v - a wand of acid (4)
 H - a wand of polymorph (5)
 Q - a wand of flame (7)
Scrolls
 b - 7 scrolls of fog
 c - 7 scrolls of identify
 g - 7 scrolls of teleportation
 n - 3 scrolls of enchant armour
 p - a scroll of amnesia
 u - a scroll of fear
 G - a scroll of enchant weapon
 I - a scroll of magic mapping
 N - a scroll of poison
Potions
 j - a potion of heal wounds
 l - 4 potions of might
 o - a potion of resistance
 z - 3 potions of brilliance
 A - 3 potions of attraction
 B - a potion of flight
 C - a potion of magic
 D - 2 potions of haste
 E - 2 potions of curing
 F - 3 potions of mutation {unknown}
 M - a potion of cancellation {unknown}
 O - a potion of invisibility {unknown}
 P - 4 potions of ambrosia {unknown}


   Skills:
 + Level 13.3 Fighting
 + Level 11.5 Armour
 + Level 9.4 Dodging
 - Level 1.5 Stealth
 + Level 10.9 Spellcasting


You couldn't memorise any spells.
You knew the following spells:

 Your Spells              Type           Power      Damage    Failure   Level
a - Magic Dart            Conj           100%       1d8       1%          1
b - Searing Ray           Conj           100%       2d8       1%          2
c - Dazzling Flash        Conj/Hex       100%       N/A       1%          3
d - Fulminant Prism       Conj/Hex       31%        3d16      1%          4
e - Iskenderun's Mystic   Conj/Tloc      62%        2d13      1%          4
f - Slow                  Hex            100%       N/A       1%          1
g - Ensorcelled Hibernat  Hex/Ice        100%       N/A       1%          2
h - Portal Projectile     Hex/Tloc       100%       N/A       1%          3
i - Ice Form              Ice/Tmut       62%        N/A       1%          4
j - Summon Lightning Spi  Summ/Air       62%        N/A       1%          4
k - Freezing Cloud        Conj/Ice/Air   31%        6-21      1%          5
Your spell library was empty.

Dungeon Overview and Level Annotations

Branches:
Dungeon (9/15)             Temple (0/1) D:7            Lair (6/6) D:9
  Swamp (0/4) Lair:2        Snake (0/4) Lair:2      Ossuary (visited)
  Slime: Lair:5-6       Orc: D:9-12

Altars:
Cheibriados
Dithmenos
Elyvilon
Fedhas
Gozag
Hepliaklqana
Makhleb
Okawaru
Uskayaw
Wu Jian
The Shining One

Shops:
D:6 [   D:7 *


Innate Abilities, Weirdness & Mutations

Your life essence is reduced to manifest your ancestor. (-10% HP)
You are immune to sickness and miasma.
You are immune to poison.
Your flesh is very heat resistant. (rF++)
You are vulnerable to cold. (rC-)
You float through the air rather than walking.
You learn spells naturally, not from books.
Your magical power is your life essence.
You have superior vitality. (+4 MHP)


Message History

Tochtli resists.
Tochtli is destroyed!
Your lightning spire shoots out a bolt of lightning at the ice dragon!
The bolt of electricity hits the ice dragon!!
You feel much better.
The ice dragon bites your lightning spire!
The ice dragon claws your lightning spire!
The ice dragon tramples your lightning spire but does no damage.
Your lightning spire shoots out a bolt of lightning at the ice dragon!
The bolt of electricity hits the ice dragon!
Casting: Summon Lightning Spire (mildly dangerous; 1% risk of failure)
Confirm with . or Enter, or press ? or * to list all spells.
Aiming: Magic Dart (safe; 1% risk of failure)
Press: ? - help, Shift-Dir - straight line, f - ice dragon
Aim: an ice dragon (severely wounded, not watching you, catching its breath, ally target, 100% to hit)
The magic dart hits the ice dragon but does no damage.
The ice dragon is severely wounded.
Casting: Magic Dart (safe; 1% risk of failure)
Confirm with . or Enter, or press ? or * to list all spells.
Aiming: Magic Dart (safe; 1% risk of failure)
Press: ? - help, Shift-Dir - straight line, f/p - ice dragon
Aim: an ice dragon (severely wounded, catching its breath, ally target, 100% to hit)
The magic dart hits the ice dragon.
The ice dragon is severely wounded.
A troll simulacrum comes into view.
Casting: Magic Dart (safe; 1% risk of failure)
Confirm with . or Enter, or press ? or * to list all spells.
You can't see any susceptible monsters within range! (Use Z to cast anyway.) Unknown command.
Unknown command.
Casting: Magic Dart (safe; 1% risk of failure)
Confirm with . or Enter, or press ? or * to list all spells.
Aiming: Magic Dart (safe; 1% risk of failure)
Press: ? - help, Shift-Dir - straight line, f/p - ice dragon
Aim: an ice dragon (severely wounded, ally target, 100% to hit)
The magic dart hits the ice dragon but does no damage.
The ice dragon is severely wounded.
The ice dragon breathes frost at you. The blast of cold hits you!!!
You feel a terrible chill!
You die...

≈≈≈≈## ≈≈≈#≈# ≈≈#≈# ###
≈#≈## ###.#### #####
≈≈#.####...##.####...##
......................#
.....................##
..........ZD....@....#
.....#...8.#.#.......##
....##.†...##.#.......#
.....................##
.....................#
............^........#
.....##.#[...##.##...#
....##.#########.....##
...##### #......#


You could see an ice dragon (catching breath, ally target), a troll simulacrum
and a friendly lightning spire (summoned).

Vanquished Creatures
  Gastronok (Lair:2)
  Fannar (Lair:2)
  Erica (D:8)
  A hydra (Lair:2)
  A two-headed ogre (D:9)
  A death yak (Lair:5)
  Sonja (Lair:3)
  Pikel (D:6)
  An elephant (D:9)
  A black mamba (Lair:1)
  A torpor snail (Lair:2)
  A cane toad (Lair:2)
  A gargoyle (D:9)
  A rime drake (Lair:5)
  An anaconda simulacrum (Lair:5)
  A komodo dragon (Lair:1)
  3 dream sheep (Lair:2)
  A hornet (D:8)
  5 blink frogs
  Prince Ribbit (Lair:3)
  Eustachio (D:4)
  2 wyverns (Lair:2)
  11 yaks
  A basilisk (Lair:2)
  12 water moccasins
  3 orc warriors
  3 black bears
  An ice beast (D:6)
  An ogre (D:5)
  2 centaurs
  5 wolves (Lair:2)
  A lemure (D:6)
  A phantom (D:6)
  13 bullfrogs
  3 scorpions
  2 necrophages
  A water moccasin zombie (Ossuary)
  23 killer bees (Lair:2)
  A lava snake (Lair:3)
  2 orc priests (D:6)
  3 hounds
  3 jellies
  3 iguanas
  An orc wizard (D:6)
  A hell rat (Lair:2)
  2 mummies (Ossuary)
  11 gnolls
  5 adders
  An ufetubus (D:5)
  3 adder zombies (Ossuary)
  A worm (D:2)
  3 dart slugs
  26 orcs
  7 ball pythons
  13 endoplasms
  7 giant cockroaches
  A gnoll zombie (Ossuary)
  7 goblins
  8 hobgoblins
  9 jackals
  6 kobolds
  4 quokkas
  7 bats
  3 frilled lizards (D:1)
  3 hobgoblin zombies
  6 kobold zombies (Ossuary)
  6 orc zombies (Ossuary)
  3 rats
  A fire vortex (Lair:3)
269 creatures vanquished.

Vanquished Creatures (collateral kills)
  A hydra (Lair:6)
  A two-headed ogre (D:9)
  3 elephants (D:9)
  2 cane toads
  2 rime drakes
  A queen bee (Lair:2)
  A polar bear (Lair:5)
  2 blink frogs (Lair:2)
  3 dream sheep (Lair:2)
  A shadow (D:9)
  A wraith (D:9)
  4 wyverns
  8 yaks
  2 steam dragons
  A basilisk (Lair:3)
  A swamp worm (Lair:2)
  3 nagas (Lair:2)
  7 water moccasins
  2 centaurs (D:8)
  A kobold brigand (D:9)
  A phantom (D:6)
  2 necrophages (D:6)
  A bullfrog (D:8)
  4 killer bees (Lair:2)
  A lava snake (Lair:3)
  3 gnoll boudas
  An iguana (D:5)
  4 orc wizards
  A gnoll (D:8)
  An ufetubus (D:6)
  2 adder zombies (Ossuary)
  A worm zombie (D:8)
  6 orcs
  A gnoll zombie (Ossuary)
  2 hobgoblin zombies (Ossuary)
  2 kobold zombies (Ossuary)
  3 orc zombies (Ossuary)
83 creatures vanquished.

Vanquished Creatures (others)
  3 knights
  12 fungi
  40 plants
55 creatures vanquished.

Grand Total: 407 creatures vanquished

Notes
Turn   | Place    | Note
-------+----------+-------------------------------------------
     0 | D:1      | Essalna the Djinni Conjurer began the quest for the Orb.
     0 | D:1      | Essalna set off with the following spells memorised: Magic
                  | Dart, Searing Ray, Dazzling Flash, Fulminant Prism,
                  | Iskenderun's Mystic Blast.
     0 | D:1      | Reached XP level 1. HP: 15/15 MP: 0/0
   351 | D:1      | Reached skill level 1 in Fighting
   351 | D:1      | Reached XP level 2. HP: 17/22 MP: 0/0
   818 | D:1      | Reached XP level 3. HP: 19/27 MP: 0/0
   818 | D:1      | Learned a level 1 spell: Slow
  1658 | D:2      | Reached skill level 2 in Fighting
  1978 | D:2      | Reached XP level 4. HP: 25/34 MP: 0/0
  2832 | D:3      | Reached skill level 3 in Fighting
  2832 | D:3      | Reached XP level 5. HP: 21/40 MP: 0/0
  2832 | D:3      | Learned a level 2 spell: Ensorcelled Hibernation
  3578 | D:3      | Found a faded altar of an unknown god.
  4205 | D:4      | Reached XP level 6. HP: 45/46 MP: 0/0
  4263 | D:4      | Noticed Eustachio
  4297 | D:4      | HP: 2/46 [crimson imp[Eustachio] (1)]
  4300 | D:4      | Killed Eustachio
  4301 | D:4      | Reached skill level 4 in Fighting
  4656 | D:4      | Found a hazy altar of Hepliaklqana.
  4843 | D:4      | Reached XP level 7. HP: 49/53 MP: 0/0
  4843 | D:4      | Learned a level 3 spell: Portal Projectile
  4882 | D:4      | Became a worshipper of Hepliaklqana the Forgotten
  4932 | D:4      | Found a hide-covered altar of Uskayaw.
  5032 | D:4      | Reached skill level 5 in Spellcasting
  5388 | D:4      | Found an ornate altar of the Wu Jian Council.
  5388 | D:4      | Found a shadowy altar of Dithmenos.
  5675 | D:5      | Entered Level 5 of the Dungeon
  5838 | D:5      | Reached skill level 5 in Fighting
  6101 | D:5      | Found an opulent altar of Gozag.
  6187 | D:5      | Reached * piety under Hepliaklqana
  6659 | D:5      | Reached XP level 8. HP: 48/54 MP: 0/0
  7263 | D:6      | Reached skill level 6 in Fighting
  7283 | D:6      | Reached ** piety under Hepliaklqana
  7286 | D:5      | Remembered your ancestor Tochtli as a knight
  7472 | D:6      | Noticed Pikel
  7485 | D:6      | Killed Pikel
  7486 | D:6      | Reached skill level 7 in Fighting
  7486 | D:6      | Reached XP level 9. HP: 18/61 MP: 0/0
  7486 | D:6      | Learned a level 4 spell: Ice Form
  7983 | D:6      | Reached skill level 8 in Fighting
  8671 | D:6      | Found Zaxaoq's Armour Emporium.
  8953 | D:7      | Reached skill level 9 in Fighting
  9090 | D:7      | Found a staircase to the Ecumenical Temple.
  9112 | D:7      | Reached XP level 10. HP: 66/70 MP: 0/0
  9196 | D:7      | Found Paazaong's Assorted Antiques.
  9438 | D:7      | Found a blossoming altar of Fedhas.
  9474 | D:7      | Reached *** piety under Hepliaklqana
  9607 | D:8      | Found a white marble altar of Elyvilon.
  9621 | D:8      | Found a sand-covered staircase.
  9639 | Ossuary  | Entered an ossuary
 10054 | D:8      | Noticed Erica
 10062 | D:8      | Killed Erica
 10063 | D:8      | Reached skill level 10 in Fighting
 11075 | D:8      | Reached skill level 1 in Armour
 11135 | D:8      | Found a burning altar of Makhleb.
 11739 | D:9      | Noticed a gargoyle
 11747 | D:9      | Reached XP level 11. HP: 47/77 MP: 0/0
 11747 | D:9      | Learned a level 4 spell: Summon Lightning Spire
 11750 | D:9      | Noticed an elephant
 11759 | D:9      | Killed an elephant
 11760 | D:9      | Reached skill level 11 in Fighting
 12043 | D:9      | Found a staircase to the Lair.
 12048 | D:9      | Noticed an elephant
 12054 | D:9      | Killed an elephant
 12100 | D:9      | Found a snail-covered altar of Cheibriados.
 12130 | D:9      | Reached **** piety under Hepliaklqana
 12134 | D:9      | Noticed a two-headed ogre
 12139 | D:9      | Killed a two-headed ogre
 12140 | D:9      | Reached skill level 5 in Armour
 12180 | D:9      | Noticed an elephant
 12187 | D:9      | Killed an elephant
 12421 | D:9      | Noticed a two-headed ogre
 12430 | D:9      | Killed a two-headed ogre
 12431 | D:9      | Reached skill level 5 in Dodging
 12534 | D:9      | Noticed an elephant
 12541 | D:9      | Killed an elephant
 12585 | D:9      | Found an iron altar of Okawaru.
 12818 | D:9      | Found a glowing golden altar of the Shining One.
 13147 | Lair:1   | Entered Level 1 of the Lair of Beasts
 14241 | Lair:2   | Reached XP level 12. HP: 68/84 MP: 0/0
 14377 | Lair:2   | Noticed a four-headed hydra
 14383 | Lair:2   | Reached skill level 12 in Fighting
 14384 | Lair:2   | Reached skill level 10 in Spellcasting
 14386 | Lair:2   | Killed a four-headed hydra
 15059 | Lair:2   | Noticed Fannar
 15069 | Lair:2   | Killed Fannar
 15446 | Lair:2   | Noticed Gastronok
 15459 | Lair:2   | Killed Gastronok
 15460 | Lair:2   | Reached skill level 10 in Armour
 15460 | Lair:2   | Reached XP level 13. HP: 71/91 MP: 0/0
 15460 | Lair:2   | Learned a level 5 spell: Freezing Cloud
 15838 | Lair:2   | Found a staircase to the Swamp.
 16022 | Lair:2   | Reached ***** piety under Hepliaklqana
 16169 | Lair:2   | Found a staircase to the Snake Pit.
 16981 | Lair:3   | Identified the +0 scale mail "Hynaff" {rC+ Int+2 Stlth+}
 17131 | Lair:3   | Noticed Prince Ribbit
 17138 | Lair:3   | Killed Prince Ribbit
 17311 | Lair:3   | Reached skill level 13 in Fighting
 17443 | Lair:3   | Noticed Sonja
 17454 | Lair:3   | Killed Sonja
 17624 | Lair:3   | You are sucked into a shaft and drop 3 floors!
 17624 | Lair:6   | Entered Level 6 of the Lair of Beasts
 17624 | Lair:6   | Noticed a four-headed hydra
 17630 | Lair:6   | Killed a four-headed hydra
 17892 | Lair:5   | Noticed an ice dragon
 17916 | Lair:5   | Killed from afar by an ice dragon

Illustrated notes

Levels and vault maps discovered:
D:1:      saegor_arrival_simple_e, layout_basic, minmay_misc_feat_x,
          minmay_tromino_mix6
D:2:      layout_rooms, basic_altar, corexii_shack, st_stairs_2,
          nrook_loot_triangle, grunt_ministairs_2, minmay_box_of_dots
D:3:      layout_basic, shapermc_ecumenical_altar_mp_vishouse,
          hangedman_decor_growths, kennysheep_potato
D:4:      layout_basic, mainiacjoe_overflow_surrounded_room,
          mainiacjoe_overflow_alcove_2, mainiacjoe_overflow_divided_tiny,
          minivault_5, grunt_decor_cap, uniq_eustachio
D:5:      layout_layer_cave, nicolae_gozag_seed_capital
D:6:      minmay_chambers_of_fours, layout_cave_pools, serial_shops,
          nicolae_take_the_stairs, kennysheep_generic_room_6, uniq_pikel
D:7:      layout_basic, mainiacjoe_overflow_brackets,
          minmay_temple_entry_junction, serial_shops, shop
D:8:      layout_basic, nicolae_overflow_crystal_walls, bloody_makhleb,
          enter_ossuary_3, chequers_serial_rivers_marsh,
          hangedman_abyss_or_decor_jellyfish_corner, kennysheep_boxes,
          uniq_erica
D:9:      wad_woods_stonehenge, layout_gridville, lemuel_doored_altar,
          nicolae_tso_carved_into_rock, lair_entry_dummy
Lair:1:   layout_cave_pods, beast_lair_carwin_3
Lair:2:   regret_index_bee_streams, layout_layer_cave, minmay_swamp_entry_worms,
          minmay_snake_entry_guardpost_small, beast_lair_carwin_2,
          uniq_gastronok, uniq_fannar
Lair:3:   layout_gridlike, lemuel_fruit_fields, uniq_prince_ribbit2, uniq_sonja
Lair:5:   dreamdust_isle_of_ice, layout_long_grid,
          minmay_slime_entry_jelly_boxes, grunt_megastairs_2
Lair:6:   minmay_lair_end_enchanted_forest, layout_cave_pods,
          ebering_ghost_rock_garden, nicolae_lair_yak_garden

Skill      XL: |  1  2  3  4  5  6  7  8  9 10 11 12 13 |
---------------+----------------------------------------+-----
Fighting       | 1 2 3 4 5 7 9 10 11 12 13 | 13.3
Spellcasting   | 4 5 6 7 9 10 | 10.9
Armour         | 2 7 10 11 | 11.5
Dodging        | 3 6 8 9 |  9.4
Stealth        | |  1.5

Action                   |  1- 3 |  4- 6 |  7- 9 | 10-12 | 13-15 || total
-------------------------+-------+-------+-------+-------+-------++-------
Melee: Short sword       |       |    10 |     5 |    15 |       ||    30
 Cast: Magic Dart        |    91 |   114 |   133 |   220 |   106 ||   664
       Searing Ray       |       |     9 |    18 |    20 |     3 ||    50
       Ice Form          |       |       |     1 |       |       ||     1
       Iskenderun's Myst |       |       |       |    61 |    16 ||    77
       Summon Lightning  |       |       |       |    14 |     6 ||    20
       Freezing Cloud    |       |       |       |       |     4 ||     4
Invok: Recall Ancestor   |       |       |     1 |     1 |     1 ||     3
       Ancestor Life: Kn |       |       |     1 |       |       ||     1
  Use: Potion            |       |     4 |       |       |     1 ||     5
       Scroll            |       |       |    14 |     6 |     1 ||    21
Armor: Robe              |     7 |    24 |     3 |     4 |       ||    38
       Leather armour    |       |       |       |    14 |    12 ||    26
Dodge: Dodged            |     9 |    46 |    20 |    50 |    22 ||   147

Table legend: (Time is in decaauts)
 A = Elapsed time spent in this place.
 B = Non-inter-level travel time spent in this place.
 C = Inter-level travel time spent in this place.
 D = Time resting spent in this place.
 E = Time spent auto-exploring this place.
 F = Levels seen in this place.
 G = Mean time per level.
                   A        B        C        D        E       F      G
               +--------+--------+--------+--------+--------+-----+--------+
         Total |  17941 |  17412 |    529 |    560 |  15047 |  15 | 1196.1 |
       Dungeon |  12839 |  12390 |    449 |    560 |  10633 |   9 | 1426.6 |
          Lair |   4774 |   4694 |     80 |      0 |   4149 |   5 |  954.8 |
       Ossuary |    327 |    327 |      0 |      0 |    265 |   1 |  327.0 |
               +--------+--------+--------+--------+--------+-----+--------+

Top non-repeatable levels by time:
  Lair:2: 2731 daAuts
     D:1: 1856 daAuts
     D:8: 1717 daAuts
     D:4: 1650 daAuts
     D:5: 1630 daAuts
     D:6: 1578 daAuts
     D:9: 1544 daAuts
     D:3: 1130 daAuts
  Lair:1: 1086 daAuts
     D:2: 1048 daAuts
     D:7: 683 daAuts
  Lair:3: 663 daAuts
 Ossuary: 327 daAuts
  Lair:5: 219 daAuts
  Lair:6: 73 daAuts
